 Dungeon Crawl Stone Soup version 0.19.1 (webtiles) character file.

171 Gargoyl the Skirmisher (level 5, -3/46 HPs)
             Began as a Ghoul Abyssal Knight on Dec 26, 2016.
             Was a Believer of Lugonu.
             Slain by an ogre
             ... wielding a +0 giant club
              (24 damage)
             ... on level 4 of the Dungeon.
             The game lasted 00:05:42 (2565 turns).

Gargoyl the Skirmisher (Ghoul Abyssal Knight)       Turns: 2565, Time: 00:05:43

Health: -3/46      AC:  8    Str: 16    XL:     5   Next: 51%
Magic:  5/5        EV: 10    Int:  7    God:    Lugonu [**....]
Gold:   153        SH:  0    Dex:  9    Spells: 0 memorised, 6 levels left

rFire  . . .     SeeInvis .     d - +0 scimitar (venom)
rCold  + . .     Gourm    .     p - +0 ring mail
rNeg   + + +     Faith    .     (no shield)
rPois  ∞         Spirit   .     q - +1 helmet
rElec  .         Reflect  .     o - +0 cloak
rCorr  .         Harm     .     (no gloves)
MR     .....                    (no boots)
Stlth  ..........               (no amulet)
                                (no ring)
                                (no ring)

@: rotting
A: rotting body, claws 1, carnivore 3, cold resistance 1, negative energy
resistance 3, slow regeneration 1, torment resistance, unbreathing
a: Depart the Abyss, Bend Space, Renounce Religion


You were on level 4 of the Dungeon.
You worshipped Lugonu.
Lugonu was pleased with you.
You were not hungry.

You visited 1 branch of the dungeon, and saw 6 of its levels.
You visited the Abyss 1 time.

You collected 153 gold pieces.

Inventory:

Hand Weapons
 a - a +1 hand axe
 d - a +0 scimitar of venom (weapon)
 f - a +2 hand axe of flaming
 k - a +5 hand axe
Armour
 o - a +0 cloak (worn)
 p - a +0 ring mail (worn)
 q - a +1 helmet (worn)
Wands
 u - a wand of acid (7/15)
Scrolls
 n - a scroll of teleportation
 r - a scroll of amnesia
 t - a scroll of enchant armour {unknown}
Potions
 b - a potion of agility
 e - a potion of lignification {unknown}
 i - a potion of cancellation {unknown}
 j - a potion of invisibility
 m - a potion of ambrosia {unknown}
 v - a potion of flight {unknown}
Comestibles
 c - 3 meat rations
 h - a slice of pizza
 l - a beef jerky
 s - a chunk of flesh


   Skills:
 + Level 4.1 Fighting
 + Level 2.4 Long Blades
 - Level 1.7 Axes
 * Level 1.9 Throwing
 + Level 2.4 Armour
 - Level 0.8 Dodging
 * Level 1.1 Spellcasting
 - Level 2.0 Invocations


You had 6 spell levels left.
You didn't know any spells.

Dungeon Overview and Level Annotations

Branches:
Dungeon (6/15)
 Temple: D:4-7

Altars:
Yredelemnul


Innate Abilities, Weirdness & Mutations

Your body is rotting away.
You thrive on raw meat.
You are immune to poison.
You have sharp fingernails.
You are carnivorous and can eat meat at any time.
Your flesh is cold resistant. (rC+)
You are immune to negative energy. (rN+++)
You regenerate slowly when monsters are visible.
You are immune to unholy pain and torment.
You can survive without breathing.


Message History

An ogre comes into view. It is wielding a giant club.
The ogre shouts!
The ooze closely misses you.
You hit the ooze.
The ooze is heavily wounded.
The ooze hits you but does no damage.
You slash the ooze!
You kill the ooze!
Lugonu accepts your kill.
Found a stone staircase leading up.
The ogre barely misses you.
You hit the ogre.
The ogre is poisoned.
The ogre is moderately wounded.
The ogre hits you with a giant club!!
Ouch! That really hurt!
You slash the ogre!
The ogre looks as sick as possible!
The ogre is heavily wounded.
The ogre hits you with a giant club!!
Ouch! That really hurt!
You die...

#.######## #####.##
#........# #......#
#........# #......#
#.......#####......#
#..................#
#.............###.##
#.########'#......# #.#
#.......##.#......###.#
.<....O@..............#
##......###.###########
......$.# #.# #.......#
#.# ........# .#
##......# .# ########
.#


You could see an ogre.

Vanquished Creatures
  An orc wizard (D:3)
  A worker ant (D:5)
  A gnoll (D:1)
  2 adders
  3 oozes
  An adder zombie (D:5)
  A dart slug (D:1)
  2 leopard geckos
  3 orcs (D:3)
  10 bats
  4 giant cockroaches
  5 goblins (D:1)
  12 hobgoblins
  4 jackals (D:3)
  7 kobolds
  A quokka (D:2)
  A ball python (D:1)
  2 frilled lizards (D:1)
  6 rats
67 creatures vanquished.

Notes
Turn   | Place    | Note
-------+----------+-------------------------------------------
     0 | Abyss:1  | Gargoyl the Ghoul Abyssal Knight began the quest for the Orb.
     0 | Abyss:1  | Reached XP level 1. HP: 19/19 MP: 1/1
     6 | Abyss:1  | Found a viscous altar of Jiyva.
   262 | Abyss:2  | Noticed an iron imp
   265 | Abyss:2  | Noticed a smoke demon
   275 | Abyss:2  | Noticed a large abomination
   279 | Abyss:2  | Noticed a wretched star
   282 | Abyss:2  | Noticed a thrashing horror
   285 | D:1      | Escaped the Abyss
   609 | D:1      | Reached XP level 2. HP: 17/26 MP: 2/2
   614 | D:1      | Reached skill level 1 in Throwing
   764 | D:1      | Reached * piety under Lugonu
  1115 | D:1      | Reached XP level 3. HP: 33/33 MP: 3/3
  1207 | D:1      | Reached skill level 1 in Long Blades
  1405 | D:2      | Reached XP level 4. HP: 21/40 MP: 4/4
  1608 | D:2      | Reached ** piety under Lugonu
  1882 | D:3      | Reached skill level 4 in Fighting
  1882 | D:3      | Reached skill level 1 in Spellcasting
  1882 | D:3      | Reached XP level 5. HP: 36/46 MP: 5/5
  2225 | D:3      | Found a basalt altar of Yredelemnul.
  2242 | D:3      | You fall through a shaft for 3 floors!
  2420 | D:5      | Entered Level 5 of the Dungeon
  2559 | D:4      | Noticed an ogre
  2565 | D:4      | Slain by an ogre

Skill      XL: |  1  2  3  4 |
---------------+-------------+-----
Throwing       | 1 |  1.9
Armour         | 2 |  2.4
Long Blades    | 1 2 |  2.4
Fighting       | 4 |  4.1
Spellcasting   | 1 |  1.1
Axes           | |  1.7
Dodging        | |  0.8
Invocations    | |  2.0

Action                   |  1- 3 |  4- 6 || total
-------------------------+-------+-------++-------
Melee: Scimitar          |    80 |    78 ||   158
Invok: Depart the Abyss  |     1 |       ||     1
  Use: Scroll            |     5 |     8 ||    13
  Eat: Chunk             |     9 |    12 ||    21
Armor: Leather armour    |    30 |     2 ||    32
       Ring mail         |       |    55 ||    55
Dodge: Dodged            |    84 |    82 ||   166
       Rpst.: Scimitar   |    31 |    27 ||    58
